 Dungeon Crawl Stone Soup version 0.18-a0-1545-g9c1b95f (webtiles) character file.

221 Sixotanaka the Sneak (level 5, -2/35 HPs)
             Began as an Octopode Assassin on Mar 8, 2016.
             Was a Follower of Dithmenos.
             Killed by divine providence
             ... invoked by an orc priest
              (12 damage)
             ... on level 4 of the Dungeon on Mar 10, 2016.
             The game lasted 00:07:28 (2655 turns).

Sixotanaka the Sneak (Octopode Assassin)            Turns: 2655, Time: 00:07:28

Health: -2/35      AC:  1    Str: 11    XL:     5   Next: 98%
Magic:  14/14      EV: 12    Int: 15    God:    Dithmenos [*.....]
Gold:   173        SH:  0    Dex: 14    Spells: 0 memorised, 4 levels left

rFire  . . .     SeeInvis .     a - +0 rapier
rCold  . . .     Gourm    .     (no shield)
rNeg   + . .     Faith    .     (helmet restricted)
rPois  .         Spirit   .     p - amulet of regeneration
rElec  .         Dismiss  .     j - ring of magical power
rCorr  .         Reflect  .     s - ring of positive energy
SustAt .         Harm     .     x - +2 ring of intelligence
MR     .....                    (no ring)
Stlth  ++++++....               (no ring)
                                (no ring)
                                (no ring)
                                (no ring)

@: wreathed by umbra, not resistant to hostile enchantments, very stealthy
A: almost no armour, amphibious, 8 rings, constrict 8, camouflage 1, gelatinous
body 1
a: Renounce Religion


You were on level 4 of the Dungeon.
You worshipped Dithmenos.
Dithmenos was aware of your devotion.
You were not hungry.

You visited 1 branch of the dungeon, and saw 4 of its levels.

You collected 173 gold pieces.


Innate Abilities, Weirdness & Mutations

You cannot wear most types of armour.
You are amphibious.
You can wear up to eight rings at the same time.
You can use your tentacles to constrict eight enemies at once.
Your skin changes colour to match your surroundings (Stealth).
Your rubbery body absorbs attacks (AC +1).


   Skills:
 - Level 2.4 Fighting
 * Level 4.4 Short Blades
 - Level 2.6 Throwing
 - Level 1.4 Dodging
 + Level 6.8 Stealth


You had 4 spell levels left.
You didn't know any spells.

Dungeon Overview and Level Annotations

Branches:
Dungeon (4/15)
 Temple: D:4-7

Altars:
Dithmenos
Qazlal

Annotations:
D:3 Grinder

Inventory:

Hand Weapons
 a - a +0 rapier (weapon)
 b - a +0 blowgun
 v - a +2 dagger
Missiles
 c - 8 poisoned needles
 d - 2 curare-tipped needles
Jewellery
 h - an uncursed ring of loudness
 j - a ring of magical power (left tentacle)
 p - an amulet of regeneration (around mantle)
 s - a ring of positive energy (right tentacle)
 x - a +2 ring of intelligence (on tentacle)
 B - an uncursed ring of wizardry {unknown}
Scrolls
 g - a scroll of recharging
 l - 2 scrolls of identify {unknown}
 n - 3 scrolls of fog {unknown}
 u - 2 scrolls of remove curse {@r2}
 y - a scroll of teleportation {unknown}
 A - a scroll of immolation {unknown}
Potions
 e - 2 potions of heal wounds {unknown}
 m - 2 potions of degeneration {unknown}
 o - a potion of mutation {unknown}
 q - a potion of cure mutation {unknown}
 r - a potion of lignification {unknown}
 t - a potion of ambrosia {unknown}
 w - 2 potions of brilliance {unknown}
 z - 2 potions of curing {unknown}
Comestibles
 f - 3 bread rations {derp}
 i - 4 chunks of flesh
 k - 2 slices of pizza

....<.....##.#.#
..
.#######..#....#
.# ..
#.......###.##.#.
#..#.............
#..............[.
#####.###.##.##..
#.# #)# # #+# #†#
#@# #o#


.oo ...#. ....+.. .....# .. .)...## ### .....# You could see an orc priest and 2
orcs.


Message History

Found a short sword.
An adder skeleton comes into view.
You barely miss the orc. You grab the orc. You constrict the orc.
The orc hits you with a flail!
You hit the orc. You constrict the orc. You hit the orc.
You kill the orc!
Dithmenos accepts your kill.
Things that are here:
a flail; an orc corpse You hit the giant gecko but do no damage.
Your grab misses the giant gecko. The giant gecko closely misses you.
The orc priest shouts!
You hit the giant gecko. Your grab misses the giant gecko.
Your squeeze misses the giant gecko.
The giant gecko hisses menacingly.
The giant gecko bites you.
You barely miss the giant gecko. Your grab misses the giant gecko.
The giant gecko bites you.
You hit the giant gecko.
You kill the giant gecko!
Dithmenos accepts your kill.
The orc priest invokes the aid of Beogh against you.
Pain shoots through your body!
You see here a giant gecko corpse.
The orc priest calls down the wrath of Beogh upon you.
Pain shoots through your body!
* * * LOW HITPOINT WARNING * * *
Things that are here:
a flail; an orc corpse The orc priest shouts!
You see here a giant gecko corpse.
The adder skeleton completely misses you.
You barely miss the adder skeleton.
The orc shouts! x2
Your grab misses the adder skeleton. The adder skeleton bites you.
* * * LOW HITPOINT WARNING * * *
The adder skeleton closely misses you.
You barely miss the adder skeleton. You grab the adder skeleton.
You constrict the adder skeleton. The adder skeleton closely misses you.
You hit the adder skeleton but do no damage.
You squeeze the adder skeleton. You constrict the adder skeleton.
The orc priest casts a cantrip, but nothing happens.
The adder skeleton bites you.
* * * LOW HITPOINT WARNING * * *
You hit the adder skeleton. You constrict the adder skeleton.
The adder skeleton bites you.
* * * LOW HITPOINT WARNING * * *
You hit the adder skeleton.
You destroy the adder skeleton!
Dithmenos accepts your kill.
You hit the orc priest. Your grab misses the orc priest.
You squeeze the orc priest. You hit the orc priest.
Your grab misses the orc priest. The orc priest closely misses you.
Some of the chunks of flesh in your inventory have rotted away.
You barely miss the orc priest. You grab the orc priest.
You constrict the orc priest. The orc priest hits you.
* * * LOW HITPOINT WARNING * * *
You hit the orc priest but do no damage.
You squeeze the orc priest.
You kill the orc priest!
Dithmenos accepts your kill.
You hit the orc but do no damage. You grab the orc. You squeeze the orc.
You constrict the orc, but do no damage.
The orc hits you with a flail of protection.
* * * LOW HITPOINT WARNING * * *
The orc priest invokes the aid of Beogh against you.
Beogh smites you!
You die...

Action                   |  1- 3 |  4- 6 || total
-------------------------+-------+-------++-------
Melee: Dagger            |    14 |       ||    14
       Short sword       |    47 |    25 ||    72
       Rapier            |       |    64 ||    64
  Use: Scroll            |     2 |       ||     2
 Stab: Sleeping          |    11 |    11 ||    22
  Eat: Chunk             |     1 |     3 ||     4
       Beef jerky        |       |     1 ||     1

Vault maps used:
D:1:      saegor_arrival_miasma, serial_bayou_pond_b, serial_bayou_pond_d,
          minmay_misc_feat_enclosed
D:2:      nicolae_dithmenos_through_a_glass_darkly
D:3:      grunt_qazlal_clouds, uniq_jessica, uniq_grinder

Notes
Turn   | Place    | Note
--------------------------------------------------------------
     0 | D:1      | Sixotanaka the Octopode Assassin began the quest for the Orb.
     0 | D:1      | Reached XP level 1. HP: 14/14 MP: 1/1
    89 | D:1      | Reached XP level 2. HP: 10/19 MP: 2/2
   763 | D:1      | Upgraded the game from 0.18-a0-1530-g0bea4e8 to 0.18-a0-1545-g9c1b95f
   770 | D:1      | Reached XP level 3. HP: 23/25 MP: 3/3
  1302 | D:2      | Reached XP level 4. HP: 26/30 MP: 4/4
  1307 | D:2      | Reached skill level 3 in Short Blades
  1418 | D:2      | Reached skill level 6 in Stealth
  1778 | D:2      | Found a shadowy altar of Dithmenos.
  1923 | D:2      | Became a worshipper of Dithmenos the Shadowed
  2151 | D:3      | Reached XP level 5. HP: 35/35 MP: 5/5
  2213 | D:3      | Noticed Jessica
  2217 | D:3      | Noticed Grinder
  2233 | D:3      | Killed Jessica
  2233 | D:3      | Reached skill level 4 in Short Blades
  2254 | D:3      | Paralysed by Grinder for 6 turns
  2321 | D:3      | Found a stormy altar of Qazlal.
  2571 | D:3      | Reached * piety under Dithmenos
  2655 | D:4      | Killed from afar by an orc priest

Vanquished Creatures
  An orc priest (D:4)
  Jessica (D:3)
  4 gnolls (D:2)
  5 adders
  An adder skeleton (D:4)
  2 worms (D:3)
  3 dart slugs
  2 giant geckos
  2 orcs
  4 giant cockroaches
  9 goblins
  7 hobgoblins
  7 kobolds
  A quokka (D:2)
  5 bats
  3 giant newts
  17 rats
74 creatures vanquished.

Vanquished Creatures (others)
  An ooze (D:3)
1 creature vanquished.

Grand Total: 75 creatures vanquished
